 Dungeon Crawl Stone Soup version 0.23-a0-407-g92528d7 (webtiles) character file.

518948 Dawnplanks the Conqueror (level 25, -2/223 HPs)
             Began as a Gargoyle Berserker on Nov 7, 2018.
             Was an Elder of Trog.
             Splashed by an acid blob's acid (4 damage)
             ... created by the Royal Jelly
             ... on level 4 of the Pits of Slime.
             The game lasted 03:02:52 (51559 turns).

Dawnplanks the Conqueror (Gargoyle Berserker)      Turns: 51559, Time: 03:02:53

Health: -2/223     AC: 44    Str: 44    XL:     25   Next: 81%
Magic:  8/8        EV: 25    Int: 11    God:    Trog [****..]
Gold:   5657       SH: 21    Dex: 24    Spells: 24/24 levels left

rFire    + . .     SeeInvis .   M - +7 demon whip (antimagic)
rCold    + . .     Gourm    .   o - +0 shield "Boicurot" {MR+ Regen+ Dex-4}
rNeg     + . .     Faith    .   t - +10 gold dragon scales
rPois    ∞         Spirit   .   i - +2 helmet of Muttered Phrases {Str+5 Dex+8}
rElec    +         Reflect  .   x - +2 cloak {MR+}
rCorr    +         Harm     .   p - +2 pair of gloves {Dex+3}
MR       +++..                  s - +0 pair of boots "Zoni Fao" {*Drain rPois rCorr Dex+4}
Stlth    ..........             (no amulet)
HPRegen  0.87/turn              J - +5 ring of strength
MPRegen  0.11/turn              l - +3 ring of slaying

@: agile, berserking (expiring), corroded, very slightly contaminated, very
quick
A: big wings, large bone plates 1, clumsy 1, deformed body, frail 2, negative
energy resistance 1, electricity resistance, unbreathing, petrification
resistance, rot immunity, AC +19
}: 2/15 runes: decaying, gossamer
a: Fly, Berserk, Trog's Hand, Brothers in Arms, Renounce Religion


You were on level 4 of the Pits of Slime.
You worshipped Trog.
Trog was greatly pleased with you.
You were not hungry.

You visited 10 branches of the dungeon, and saw 49 of its levels.
You also visited: Bailey and Ice Cave.

You collected 8308 gold pieces.
You spent 2651 gold pieces at shops.

Inventory:

Hand Weapons
 M - a +7 antimagic demon whip (weapon)
Missiles
 n - 7 throwing nets (quivered)
Armour
 e - a scarf of cloud immunity
 i - the +2 helmet of Muttered Phrases (worn) {Str+5 Dex+8}
   (You found it in a bailey)

   It affects your strength (+5).
   It affects your dexterity (+8).
 o - the +0 shield "Boicurot" (worn) {MR+ Regen+ Dex-4}
   (You acquired it on level 5 of the Lair of Beasts)

   It affects your dexterity (-4).
   It affects your resistance to hostile enchantments.
   It increases your rate of regeneration.
 p - a +2 pair of gloves of dexterity (worn)
 s - the +0 pair of boots "Zoni Fao" (worn) {*Drain rPois rCorr Dex+4}
   (You found it on level 3 of the Vaults)

   It affects your dexterity (+4).
   It protects you from poison.
   It provides partial protection from all sources of acid and corrosion.
   It causes draining when unequipped.
 t - +10 gold dragon scales (worn)
 w - the +1 scale mail of the Forest {rPois Str-3 SInv}
   (You found it on level 3 of the Depths)

   It affects your strength (-3).
   It protects you from poison.
   It lets you see invisible.
 x - a +2 cloak of magic resistance (worn)
 Y - a scarf of resistance
Jewellery
 l - a +3 ring of slaying (right hand)
 q - the macabre finger necklace {rN+}
   (You bought it in a shop on level 4 of the Depths)

   [amulet of nothing]

   It protects you from negative energy.
 F - the ring "Vosewe Fiamo" {rF- rC+ rN++ Stlth+}
   (You found it on level 2 of the Swamp)

   [ring of stealth]

   It makes you vulnerable to fire.
   It protects you from cold.
   It greatly protects you from negative energy.
   It makes you more stealthy.
 J - a +5 ring of strength (left hand)
 S - the amulet "Ygoka" {Regen+ Str+5 Dex+4}
   (You bought it in a shop on level 14 of the Dungeon)

   [amulet of regeneration]

   It affects your strength (+5).
   It affects your dexterity (+4).
   It increases your rate of regeneration.
Wands
 y - a wand of acid (6)
 C - a wand of paralysis (6)
 N - a wand of clouds (4)
 U - a wand of digging (11)
Scrolls
 a - a scroll of summoning
 g - 11 scrolls of immolation
 h - 27 scrolls of teleportation
 j - 20 scrolls of remove curse
 k - 2 scrolls of brand weapon
 u - 4 scrolls of holy word
 B - 8 scrolls of magic mapping
 E - 8 scrolls of fog
 I - 5 scrolls of fear
 K - 3 scrolls of enchant weapon
 Q - 2 scrolls of silence
 R - 2 scrolls of blinking
 Z - 6 scrolls of identify
Potions
 b - 15 potions of heal wounds
 f - 4 potions of berserk rage
 r - 18 potions of curing
 v - 5 potions of agility
 z - 4 potions of might
 A - 6 potions of haste
 H - 7 potions of cancellation
 O - 2 potions of invisibility
 P - 5 potions of mutation
 V - 9 potions of brilliance
 X - a potion of resistance
Miscellaneous
 d - a box of beasts
 W - a lightning rod (4/4)
Comestibles
 c - 71 rations


   Skills:
 O Level 27 Fighting
 - Level 12.0 Maces & Flails
 O Level 27 Armour
 + Level 12.7 Dodging
 - Level 15.0 Shields
 - Level 2.3 Evocations


You had 24 spell levels left.
You didn't know any spells.
Your spell library contained the following spells:

 Spells                   Type           Power        Failure   Level  Hunger
 Apportation              Tloc           #.....       75%         1    ##.....
 Beastly Appendage        Tmut           #.....       75%         1    ##.....
 Confusing Touch          Hex            #.....       75%         1    ##.....
 Corona                   Hex            #......      75%         1    ##.....
 Flame Tongue             Conj/Fire      #....        75%         1    ##.....
 Infusion                 Chrm           #...         75%         1    ##.....
 Magic Dart               Conj           #...         75%         1    ##.....
 Summon Butterflies       Summ           #.......     75%         1    ##.....
 Blink                    Tloc           N/A          86%         2    ###....
 Call Imp                 Summ           #.......     86%         2    ###....
 Ensorcelled Hibernation  Hex/Ice        #.....       86%         2    ###....
 Passwall                 Tmut/Erth      #.......     86%         2    ###....
 Poisonous Vapours        Pois/Air       #.....       86%         2    ###....
 Shroud of Golubria       Chrm/Tloc      #.........   86%         2    ###....
 Slow                     Hex            #.......     86%         2    ###....
 Song of Slaying          Chrm           #.......     86%         2    ###....
 Sticks to Snakes         Tmut           #.......     86%         2    ###....
 Swiftness                Chrm/Air       #.......     86%         2    ###....
 Confuse                  Hex            #.......     98%         3    ####...
 Conjure Flame            Conj/Fire      #.......     98%         3    ####...
 Gell's Gravitas          Tloc           #.........   98%         3    ####...
 Inner Flame              Hex/Fire       #.......     98%         3    ####...
 Lesser Beckoning         Tloc           #.........   98%         3    ####...
 Mephitic Cloud           Conj/Pois/Air  #.......     98%         3    ####...
 Portal Projectile        Hex/Tloc       #.....       98%         3    ####...
 Regeneration             Chrm/Necr      #.........   98%         3    ####...
 Spectral Weapon          Hex/Chrm       #.......     98%         3    ####...
 Spider Form              Tmut/Pois      #.........   98%         3    ####...
 Teleport Other           Tloc           #.......     98%         3    ####...
 Tukima's Dance           Hex            #.......     98%         3    ####...
 Cause Fear               Hex            #.........   100%        4    #####..
 Force Lance              Conj/Tloc      #.......     100%        4    #####..
 Ice Form                 Ice/Tmut       #.......     100%        4    #####..
 Leda's Liquefaction      Hex/Erth       #.........   100%        4    #####..
 Petrify                  Tmut/Erth      #.......     100%        4    #####..
 Alistair's Intoxication  Tmut/Pois      #.......     100%        5    ######.
 Blade Hands              Tmut           #.........   100%        5    ######.
 Bolt of Magma            Conj/Fire/Erth #.........   100%        5    ######.
 Borgnjor's Vile Clutch   Necr/Erth      #.........   100%        5    ######.
 Iskenderun's Battlesphe  Conj/Chrm      #.......     100%        5    ######.
 Metabolic Englaciation   Hex/Ice        #.........   100%        5    ######.
 Silence                  Hex/Air        #.........   100%        5    ######.
 Venom Bolt               Conj/Pois      #.........   100%        5    ######.
 Yara's Violent Unravell  Hex/Tmut       #.........   100%        5    ######.
 Darkness                 Hex            #.........   100%        6    #######
 Deflect Missiles         Chrm/Air       #.........   100%        6    #######
 Freezing Cloud           Conj/Ice/Air   #.........   100%        6    #######
 Invisibility             Hex            #.......     100%        6    #######
 Iron Shot                Conj/Erth      #.........   100%        6    #######
 Shadow Creatures         Summ           N/A          100%        6    #######
 Orb of Destruction       Conj           #.........   100%        7    #######
 Ring of Flames           Chrm/Fire      #.........   100%        7    #######
 Spellforged Servitor     Conj/Summ      #.........   100%        7    #######
 Discord                  Hex            #.........   100%        8    #######
 Tornado                  Air            #.........   100%        9    #######
 Statue Form              Tmut/Erth      Unusable     N/A         6    N/A

Dungeon Overview and Level Annotations

Branches:
Dungeon (15/15)            Temple (1/1) D:6            Lair (6/6) D:8
  Swamp (4/4) Lair:2       Spider (4/4) Lair:2        Slime (5/5) Lair:5
    Orc (2/2) D:12            Elf (3/3) Orc:2        Vaults (4/5) D:13
  Crypt (0/3) Vaults:3     Depths (5/5) D:15            Zot (0/5) Depths:5

Altars:
Ashenzari
Cheibriados
Dithmenos
Elyvilon
Fedhas
Gozag
Hepliaklqana
Kikubaaqudgha
Makhleb
Nemelex Xobeh
Okawaru
Qazlal
Ru
Sif Muna
Trog
Uskayaw
Vehumet
Wu Jian
Xom
Yredelemnul
Zin
The Shining One
Beogh
Lugonu

Shops:
D:5 }   D:8 }   D:12 :   D:13 ?*   D:14 =   Orc:2 ?[(:   Vaults:2 !
Depths:1 !*   Depths:2 *[[   Depths:4 =}}

Portals:
Hell: Depths:1 Depths:2 Depths:3 Depths:4 Depths:5
Abyss: Depths:2 Depths:4
Pandemonium: Depths:3 Depths:5
Ziggurat: Depths:2


Innate Abilities, Weirdness & Mutations

You are resistant to torment.
Your stone body is resilient. (AC +19)
You are immune to poison.
Your large and strong wings let you fly indefinitely.
You resist negative energy. (rN+)
You are resistant to electric shocks. (rElec)
You can survive without breathing.
You are immune to petrification.
You are immune to rotting.
You are partially covered in large bone plates. (SH +4)
You are clumsy. (Dex -2)
Armour fits poorly on your strangely shaped body.
You are very frail. (-20% HP)


Message History

* * * LOW HITPOINT WARNING * * *
The acid blob spits acid at you. The splash of acid misses you.
You whack the acid blob!
Your hands burn!
* * * LOW HITPOINT WARNING * * *
The acid blob is almost dead.
The azure jelly closely misses you. The azure jelly misses you.
The azure jelly closely misses you. You block the azure jelly's attack. x2
The azure jelly hits you.
* * * LOW HITPOINT WARNING * * *
The azure jelly freezes you! You resist.
* * * LOW HITPOINT WARNING * * *
The azure jelly closely misses you. You block the azure jelly's attack.
You block the acid blob's attack.
You feel a strong urge to attack something.
The acid blob spits acid at you. The splash of acid hits you! You resist.
* * * LOW HITPOINT WARNING * * *
You are splashed with acid!
The acid burns!
You resist.
You die...

##..............##.. . ##
###................####
...###.......#....#......#..
....#................##.#...
#.................#.##......
...## #.................##.......
.##.####.........................
.#...##.##...JJ.......#....#...<.
.....#.......JJ.@.....##..#......
.#....#.......J..................
.......##.#.................)....
........#........#...............
..................#..............
..............#........>.........
...##...<........................
....#......#..<..........#....#..
...#.....##...............#......


You could see 3 acid blobs and 2 azure jellies.

Vanquished Creatures
  the Royal Jelly (Slime:5)
  A juggernaut (Depths:3)
  2 ancient liches (Depths:4)
  Margery (Depths:3)
  Nikola (Vaults:1)
  3 golden dragons
  2 bone dragons (Depths:5)
  2 liches (Depths:4)
  2 deep elf master archers (Elf:3)
  3 deep elf blademasters
  15 acid blobs
  3 sphinxes
  Gastronok (D:9)
  A thorn hunter (Swamp:2)
  Kirke (Lair:5)
  A shadow dragon (Depths:5)
  5 tengu reavers
  3 storm dragons
  7 azure jellies
  8 frost giants
  A draconian monk (Depths:5)
  8 deep elf sorcerers
  8 fire giants
  5 deep elf elementalists
  A curse skull (Depths:4)
  An iron dragon (Depths:3)
  Louise (Swamp:1)
  A draconian scorcher (Depths:5)
  4 ghost moths
  A spriggan defender (Depths:5)
  16 vault wardens
  7 emperor scorpions
  3 draconian shifters
  26 very ugly things
  3 vampire knights
  11 ironheart preservers
  5 entropy weavers
  12 deep elf demonologists
  A green draconian (Depths:5)
  23 stone giants
  A yellow draconian (Depths:5)
  A black draconian (Depths:5)
  2 red draconians (Depths:5)
  A purple draconian (Depths:5)
  8 spark wasps
  6 deep elf annihilators
  Snorg (D:14)
  An eidolon (Vaults:3)
  14 deep elf death magi
  8 death oozes
  11 fire dragons
  A crystal guardian (Vaults:4)
  Josephine (Orc:2)
  10 ettins
  A merfolk impaler (Depths:5)
  9 yaktaur captains
  A deep elf high priest (Depths:5)
  Harold (D:9)
  2 jiangshi (Depths:2)
  18 great orbs of eyes
  8 ice dragons
  6 spriggan air magi
  7 rakshasas
  A merfolk avatar (Lair:6)
  22 hydras
  2 shambling mangroves
  9 vault guards
  A death knight (Vaults:3)
  A monstrous demonspawn (Depths:5)
  7 centaur warriors
  2 merfolk aquamancers (Depths:4)
  30 two-headed ogres
  11 ogre magi
  29 dancing weapons
  9 alligators
  An anaconda (shapeshifter) (Depths:1)
  A queen ant (shapeshifter) (Depths:4)
  2 tengu warriors (Depths:1)
  A death yak (shapeshifter) (Depths:3)
  3 vampire magi
  4 deep troll earth magi
  A titan zombie (D:15)
  6 deep troll shamans
  An orc high priest (Orc:2)
  3 death yaks (Lair:6)
  2 small abominations
  Sonja (Lair:5)
  8 soul eaters (Depths:4)
  19 hell knights
  A storm dragon zombie (Vaults:3)
  8 spriggan berserkers
  Nergalle (D:10)
  18 deep elf knights
  6 skeletal warriors (D:15)
  4 iron trolls
  A fire crab (shapeshifter) (Vaults:1)
  A shadow wraith (Vaults:4)
  15 deep trolls
  3 flayed ghosts
  5 glowing orange brains
  A swamp dragon (shapeshifter) (Vaults:1)
  2 unseen horrors
  7 spriggan druids
  2 wizards (Vaults:2)
  A sea snake (Lair:6)
  6 swamp dragons (Swamp:4)
  A lindwurm (Lair:2)
  13 ironbrand convokers
  11 deep elf archers
  A harpy (shapeshifter) (Elf:2)
  3 phantasmal warriors
  52 deep elf magi
  10 necromancers
  34 wolf spiders
  18 orc knights
  6 shining eyes
  19 orb spiders
  2 cyclopes
  5 orc sorcerers
  73 ugly things
  3 manticores
  2 salamanders
  3 centaur zombies
  A tengu skeleton (Vaults:4)
  9 elephants
  A moth of wrath (Spider:4)
  Maurice (D:8)
  A black mamba (shapeshifter) (Vaults:4)
  3 ice statues (IceCv)
  3 black mambas
  A guardian serpent (shapeshifter) (Depths:5)
  A guardian serpent (Depths:4)
  11 vault sentinels
  A smoke demon (Depths:5)
  7 eyes of devastation
  17 spiny frogs
  3 centaur skeletons
  10 rime drakes
  2 gargoyles
  2 efreet
  A spriggan zombie (D:15)
  3 torpor snails
  2 kobold demonologists
  A tormentor (Depths:5)
  14 demonic crawlers
  A komodo dragon (shapeshifter) (Depths:1)
  A hellion (Depths:4)
  9 ice devils
  10 freezing wraiths
  4 hellwings
  3 tengu conjurers
  14 komodo dragons
  25 yaktaurs
  2 red devils (Depths:4)
  A silent spectre (Depths:4)
  2 yaktaur skeletons
  36 jumping spiders
  9 trolls
  2 wind drakes (shapeshifter)
  A queen bee (Spider:3)
  2 polar bears (Lair:6)
  A jumping spider (shapeshifter) (Vaults:4)
  A tengu simulacrum (Vaults:3)
  A sphinx simulacrum (Vaults:1)
  26 hornets
  19 tyrant leeches
  6 bog bodies
  A deep troll zombie (D:15)
  An ettin zombie (Vaults:3)
  A raiju (shapeshifter) (Elf:1)
  13 blink frogs
  127 slime creatures
  7 hippogriffs
  8 water elementals
  18 spriggans
  3 shadows
  4 wyverns
  A spriggan (shapeshifter) (Vaults:2)
  60 redbacks
  2 air elementals
  21 tarantellas
  6 wraiths
  2 basilisks (Lair:3)
  29 yaks
  2 vampires (D:13)
  3 humans (shapeshifter)
  A hog (shapeshifter) (Elf:3)
  3 hungry ghosts
  9 golden eyes
  7 fire elementals
  Eustachio (D:5)
  2 hogs (Lair:5)
  A yaktaur simulacrum (Vaults:1)
  13 vampire mosquitoes
  A basilisk (shapeshifter) (D:13)
  2 human zombies
  6 two-headed ogre zombies (D:12)
  7 insubstantial wisps
  7 wargs
  A soldier ant (D:13)
  14 swamp worms
  An acid dragon (Vaults:1)
  A deep troll skeleton (Vaults:4)
  2 hell hounds (Depths:4)
  12 porcupines
  13 water moccasins
  A water moccasin (shapeshifter) (Depths:4)
  11 swamp drakes
  2 sky beasts
  A floating eye (Slime:2)
  60 orc warriors
  An ettin simulacrum (Vaults:1)
  An ice beast (D:9)
  A black bear (shapeshifter) (Depths:1)
  A black bear (D:9)
  2 necrophages
  8 boggarts
  24 ogres
  A tengu (shapeshifter) (D:15)
  3 phantoms
  11 eyes of draining
  9 wolves
  14 centaurs
  3 human skeletons
  12 crocodiles
  4 big kobolds
  2 gnoll sergeants
  8 earth elementals
  14 bullfrogs
  3 scorpions
  4 human simulacra
  18 killer bees
  12 howler monkeys
  9 electric eels
  5 bullfrog zombies
  11 crimson imps
  A draconian simulacrum (IceCv)
  3 quasits
  A bullfrog skeleton (D:10)
  5 hounds
  7 jellies
  17 orc priests
  Jessica (D:2)
  Natasha (thrice) (D:3)
  12 worker ants
  7 iguanas
  4 troll simulacra (IceCv)
  38 orc wizards
  A spriggan simulacrum (IceCv)
  A centaur simulacrum (IceCv)
  A worker ant zombie (D:8)
  7 gnolls
  16 adders
  A howler monkey skeleton (D:9)
  2 naga simulacra (IceCv)
  An ogre simulacrum (IceCv)
  3 shadow imps
  An ooze (D:1)
  8 worms
  3 dart slugs
  11 leopard geckos
  139 orcs
  3 giant cockroaches
  14 goblins
  12 hobgoblins
  7 jackals
  4 quokkas
  7 bats
  5 frilled lizards
  28 kobolds
  A leopard gecko skeleton (D:5)
  A quokka skeleton (D:6)
  7 rats
  4 crawling corpses
  A demonic plant (Temple)
2163 creatures vanquished.

Vanquished Creatures (collateral kills)
  Boris (Vaults:2)
  Frederick (Depths:5)
  Saint Roka (Orc:2)
  Jory (Vaults:2)
  Rupert (Lair:3)
  2 acid blobs (Slime:5)
  2 azure jellies (Slime:5)
  A deep elf sorcerer (Elf:3)
  A large abomination (Elf:3)
  A deep elf elementalist (Elf:3)
  2 deep elf death magi (Elf:3)
  4 death oozes (Slime:5)
  The ghost of RedSky the Destroyer, a journeyman DsFE of Makhleb (Orc:2)
  An ice dragon (Depths:5)
  An alligator (Swamp:2)
  A small abomination (Elf:3)
  An orc high priest (Orc:2)
  The ghost of BingusPrime the Transmogrifier, a novice MfTm of Wu Jian (D:10)
  A hell knight (Depths:3)
  2 orc knights
  2 ugly things (Depths:3)
  A guardian serpent (Depths:2)
  A yaktaur (Vaults:2)
  An orc skeleton (Vaults:3)
  A troll (Vaults:3)
  A polar bear (D:10)
  A hornet (Depths:5)
  A slime creature (Vaults:3)
  3 spriggans
  2 wargs (Orc:2)
  9 orc warriors
  An eye of draining (Slime:5)
  An ogre (Orc:2)
  3 orc priests (Orc:2)
  2 orc wizards (Orc:2)
  16 orcs
73 creatures vanquished.

Vanquished Creatures (others)
  A deep elf annihilator (Elf:3)
  An orb spider (Spider:4)
  A rime drake (Swamp:4)
  A jumping spider (Spider:4)
  A red devil (Depths:4)
  A blink frog (Swamp:2)
  2 redbacks (Spider:4)
  A tarantella (Spider:4)
  2 humans
  A swamp drake (Swamp:4)
  A boggart (Vaults:2)
  A crimson imp (Depths:4)
  2 orcs
  A kobold (D:14)
  7 briar patches (Swamp:2)
  A fungus (Lair:6)
  47 plants
  3 withered plants (D:15)
75 creatures vanquished.

Grand Total: 2311 creatures vanquished

Notes
Turn   | Place    | Note
-------+----------+-------------------------------------------
     0 | D:1      | Dawnplanks the Gargoyle Berserker began the quest for the
                  | Orb.
     0 | D:1      | Reached XP level 1. HP: 14/14 MP: 1/1
    77 | D:1      | Reached XP level 2. HP: 17/19 MP: 2/2
   402 | D:1      | Reached XP level 3. HP: 24/24 MP: 3/3
   527 | D:1      | Reached ** piety under Trog
  1004 | D:2      | Reached XP level 4. HP: 28/29 MP: 4/4
  1321 | D:2      | Noticed Jessica
  1332 | D:2      | Killed Jessica
  1399 | D:2      | Found a sparkling altar of Nemelex Xobeh.
  1457 | D:2      | Found a shattered altar of Ashenzari.
  1463 | D:2      | Reached XP level 5. HP: 33/33 MP: 5/5
  1655 | D:3      | Noticed an ogre
  1661 | D:3      | Killed an ogre
  1661 | D:3      | Reached skill level 5 in Maces & Flails
  1949 | D:3      | Reached XP level 6. HP: 38/38 MP: 6/6
  2114 | D:3      | Noticed Natasha
  2124 | D:3      | Killed Natasha
  2151 | D:3      | Noticed Natasha
  2154 | D:3      | Killed Natasha
  2226 | D:3      | You fall through a shaft!
  2428 | D:3      | Reached *** piety under Trog
  2658 | D:3      | Noticed Natasha
  2665 | D:3      | Killed Natasha
  2738 | D:4      | Reached XP level 7. HP: 33/44 MP: 7/7
  2856 | D:4      | Found a hide-covered altar of Uskayaw.
  2874 | D:4      | You fall through a shaft!
  2874 | D:5      | Entered Level 5 of the Dungeon
  2898 | D:5      | Found a glowing golden altar of the Shining One.
  2966 | D:4      | Found a snail-covered altar of Cheibriados.
  2999 | D:5      | Found a sacrificial altar of Ru.
  3412 | D:5      | Noticed Eustachio
  3421 | D:5      | Reached skill level 5 in Fighting
  3424 | D:5      | Killed Eustachio
  3424 | D:5      | Reached XP level 8. HP: 49/49 MP: 8/8
  3504 | D:5      | Found Ejuhey Maer's Gadget Emporium.
  3742 | D:5      | Found a burning altar of Makhleb.
  4251 | D:6      | Reached **** piety under Trog
  4298 | D:6      | Found a stormy altar of Qazlal.
  4356 | D:6      | Found a staircase to the Ecumenical Temple.
  4362 | Temple   | Entered the Ecumenical Temple
  4711 | D:7      | Found a transporter.
  4714 | D:7      | Found a transporter.
  4789 | D:7      | Reached XP level 9. HP: 55/55 MP: 9/9
  4837 | D:7      | Reached skill level 5 in Armour
  4996 | D:7      | Found a hazy altar of Hepliaklqana.
  5581 | D:8      | Found Uqiluull's Gadget Shop.
  5867 | D:8      | Found a staircase to the Lair.
  5867 | D:8      | Noticed Maurice
  6148 | D:8      | Reached skill level 10 in Maces & Flails
  6168 | D:8      | Reached ***** piety under Trog
  6505 | D:8      | Found a glowing silver altar of Zin.
  6545 | D:8      | Killed Maurice
  6545 | D:8      | Received a gift from Trog
  6545 | D:8      | Reached XP level 10. HP: 61/61 MP: 10/10
  6569 | D:8      | Found a white marble altar of Elyvilon.
  6569 | D:8      | Found a faded altar of an unknown god.
  6574 | D:8      | Found a shadowy altar of Dithmenos.
  6576 | D:8      | Found a radiant altar of Vehumet.
  6577 | D:8      | Found an ancient bone altar of Kikubaaqudgha.
  6887 | D:9      | Noticed Gastronok
  6913 | D:9      | Killed Gastronok
  6913 | D:9      | Reached skill level 5 in Dodging
  6941 | D:9      | Found a flagged portal.
  6956 | Bailey   | Entered a bailey
  7021 | Bailey   | Noticed an orc knight
  7186 | Bailey   | Noticed an orc knight
  7186 | Bailey   | Noticed an orc knight
  7478 | Bailey   | Killed an orc knight
  7478 | Bailey   | Reached skill level 1 in Evocations
  7502 | Bailey   | Killed an orc knight
  7502 | Bailey   | Reached XP level 11. HP: 48/68 MP: 12/12
  7546 | Bailey   | Killed an orc knight
  7683 | Bailey   | Got a heavily runed helmet
  7694 | Bailey   | Identified the +2 helmet of Muttered Phrases {Str+5 Dex+8}
                  | (You found it in a bailey)
  7840 | D:9      | Noticed Harold
  7860 | D:9      | Killed Harold
  8340 | D:10     | Entered Level 10 of the Dungeon
  8342 | D:10     | Noticed Nergalle
  8360 | D:10     | Killed Nergalle
  8430 | D:10     | Noticed a red ugly thing
  8449 | D:10     | Killed a red ugly thing
  8623 | D:10     | Noticed a two-headed ogre
  8634 | D:10     | Killed a two-headed ogre
  8708 | D:10     | Found a runed door.
  8730 | D:10     | Noticed BingusPrime's ghost (novice MfTm)
  8739 | D:10     | Reached skill level 10 in Armour
  8819 | D:10     | Killed BingusPrime's ghost
  9107 | Lair:1   | Entered Level 1 of the Lair of Beasts
  9107 | Lair:1   | Noticed a six-headed hydra
  9120 | Lair:1   | Killed a six-headed hydra
  9391 | Lair:1   | Noticed a four-headed hydra
  9401 | Lair:1   | Killed a four-headed hydra
  9401 | Lair:1   | Reached skill level 10 in Fighting
  9401 | Lair:1   | Reached XP level 12. HP: 77/77 MP: 13/13
  9625 | Lair:1   | Noticed a four-headed hydra
  9633 | Lair:1   | Killed a four-headed hydra
  9982 | Lair:2   | Found a staircase to the Swamp.
 10402 | Lair:2   | Found a hole to the Spider Nest.
 10411 | Lair:2   | Reached skill level 1 in Shields
 10695 | Lair:2   | Noticed a seven-headed hydra
 10704 | Lair:2   | Killed a seven-headed hydra
 10852 | Lair:2   | Reached XP level 13. HP: 85/85 MP: 14/14
 11206 | Lair:3   | Noticed Rupert
 11219 | Lair:3   | Killed Rupert
 11995 | Lair:4   | Reached ****** piety under Trog
 12522 | Lair:5   | Noticed Sonja
 12553 | Lair:5   | Killed Sonja
 12587 | Lair:5   | Found a staircase to the Slime Pits.
 12603 | Lair:5   | Noticed Kirke
 12616 | Lair:5   | Killed Kirke
 12674 | Lair:5   | Found a frozen archway.
 12710 | Lair:5   | Identified a scroll of acquirement
 12713 | Lair:5   | Got a steaming shield
 12724 | Lair:5   | Identified the +0 shield "Boicurot" {MR+ Regen+ Dex-4} (You
                  | acquired it on level 5 of the Lair of Beasts)
 12729 | IceCv    | Entered an ice cave
 12815 | IceCv    | Reached skill level 15 in Armour
 12965 | IceCv    | Received a gift from Trog
 13211 | IceCv    | Got a translucent quarterstaff
 13218 | IceCv    | Got a slimy shortbow
 13220 | IceCv    | Got an ancient falchion
 13279 | Lair:5   | Identified the cursed +1 falchion of Fijuneis {distort,
                  | rElec Str+6} (You found it in an ice cave)
 13288 | Lair:5   | Gained mutation: Your large and strong wings let you fly
                  | indefinitely. [Gargoyle growth]
 13288 | Lair:5   | Reached XP level 14. HP: 87/95 MP: 15/15
 13305 | Lair:5   | Identified the +6 quarterstaff "Ulaurif" {freeze, MR+} (You
                  | found it in an ice cave)
 13396 | Lair:5   | Reached skill level 5 in Shields
 13977 | Lair:6   | Entered Level 6 of the Lair of Beasts
 14159 | Lair:6   | Identified the +9 shortbow "Kemisuj" {freeze, rElec MP+9
                  | Int-4 Dex+3} (You found it in an ice cave)
 14415 | Lair:6   | Received a gift from Trog
 15865 | D:12     | Found Jurhuf's Book Emporium.
 15961 | D:12     | Found a snail-covered altar of Cheibriados.
 15991 | D:12     | Reached skill level 15 in Fighting
 16243 | D:12     | Found a staircase to the Orcish Mines.
 16331 | D:12     | Received a gift from Trog
 16363 | D:12     | Got a polished morningstar
 16364 | D:12     | Identified the cursed +0 morningstar "Fyoby" {flame, +Fly}
                  | (You found it on level 12 of the Dungeon)
 16858 | Swamp:1  | Entered Level 1 of the Swamp
 16865 | Swamp:1  | Reached XP level 15. HP: 103/103 MP: 5/16
 17162 | Swamp:1  | Noticed Louise
 17185 | Swamp:1  | Killed Louise
 17827 | Swamp:2  | Received a gift from Trog
 18007 | Swamp:2  | Found a transporter.
 18422 | Swamp:2  | Found a transporter.
 18579 | Swamp:2  | Noticed a thorn hunter
 18616 | Swamp:2  | Killed a thorn hunter
 18671 | Swamp:2  | Got a heavily runed platinum ring
 18709 | Swamp:2  | Got a coiled platinum ring
 18723 | Swamp:2  | Identified the ring "Hiuduid" {Ice *Contam +Blink rElec
                  | Int+5} (You found it on level 2 of the Swamp)
 18724 | Swamp:2  | Identified the ring "Vosewe Fiamo" {rF- rC+ rN++ Stlth+}
                  | (You found it on level 2 of the Swamp)
 19548 | Swamp:3  | Received a gift from Trog
 19855 | Swamp:4  | Entered Level 4 of the Swamp
 19977 | Swamp:4  | Reached XP level 16. HP: 104/112 MP: 5/17
 19986 | Swamp:4  | Reached skill level 10 in Shields
 20160 | Swamp:4  | Got a decaying rune of Zot
 20735 | Spider:1 | Entered Level 1 of the Spider Nest
 21851 | Spider:2 | Received a gift from Trog
 23019 | Spider:3 | Reached XP level 17. HP: 111/119 MP: 6/18
 23190 | Spider:3 | Received a gift from Trog
 23677 | Spider:4 | Entered Level 4 of the Spider Nest
 24344 | Spider:4 | HP: 5/120 [jumping spider (3)]
 24458 | Spider:4 | Received a gift from Trog
 25056 | Spider:4 | Got a gossamer rune of Zot
 25402 | Orc:1    | Entered Level 1 of the Orcish Mines
 25595 | Orc:1    | Reached skill level 15 in Shields
 25835 | Orc:2    | Entered Level 2 of the Orcish Mines
 25835 | Orc:2    | Found a staircase to the Elven Halls.
 25854 | Orc:2    | Noticed RedSky's ghost (journeyman DsFE)
 25890 | Orc:2    | Received a gift from Trog
 26134 | Orc:2    | Noticed Josephine
 26149 | Orc:2    | Killed Josephine
 26421 | Orc:2    | Found a roughly hewn altar of Beogh.
 26518 | Orc:2    | Found a roughly hewn altar of Beogh.
 26525 | Orc:2    | Received a gift from Trog
 26622 | Orc:2    | Noticed Saint Roka
 26629 | Orc:2    | Reached XP level 18. HP: 106/128 MP: 6/19
 26634 | Orc:2    | Killed Saint Roka
 26643 | Orc:2    | Found Asek's Antique Weapon Shoppe.
 26643 | Orc:2    | Found a roughly hewn altar of Beogh.
 26656 | Orc:2    | Found Ohovas's Antique Armour Emporium.
 26718 | Orc:2    | Found a roughly hewn altar of Beogh.
 26719 | Orc:2    | Found Vup Wong's Magic Scroll Boutique.
 26756 | Orc:2    | Bought a scroll of fear for 45 gold pieces
 26756 | Orc:2    | Bought a scroll of immolation for 45 gold pieces
 26756 | Orc:2    | Bought a scroll of identify for 26 gold pieces
 26756 | Orc:2    | Bought a scroll of identify for 26 gold pieces
 26803 | Orc:2    | Found a runed gate.
 26803 | Orc:2    | Found a runed gate.
 26805 | Orc:2    | Found a runed gate.
 26842 | Orc:2    | Killed RedSky's ghost
 26917 | Orc:2    | Found a roughly hewn altar of Beogh.
 26956 | Orc:2    | Found Vezxebil's Book Boutique.
 27094 | Orc:2    | Found a roughly hewn altar of Beogh.
 27277 | D:13     | Found Munecs's General Store.
 27322 | D:13     | Bought a scroll of identify for 24 gold pieces
 27322 | D:13     | Bought a scroll of identify for 24 gold pieces
 27407 | D:13     | Found Hyroaz's Magic Scroll Shoppe.
 27410 | D:13     | Bought 3 scrolls of holy word for 315 gold pieces
 27410 | D:13     | Bought a scroll of holy word for 105 gold pieces
 27410 | D:13     | Bought a scroll of identify for 28 gold pieces
 27410 | D:13     | Bought a scroll of identify for 28 gold pieces
 27545 | D:13     | Found a gate to the Vaults.
 27727 | D:13     | Received a gift from Trog
 28122 | D:14     | Noticed Snorg
 28161 | D:14     | Killed Snorg
 28286 | D:14     | Found Ysuver's Jewellery Emporium.
 28307 | D:14     | Bought the amulet "Ygoka" {Regen+ Str+5 Dex+4} for 1006
                  | gold pieces
 29216 | D:15     | Entered Level 15 of the Dungeon
 29316 | D:15     | Found a staircase to the Depths.
 29346 | D:15     | Received a gift from Trog
 30101 | Vaults:1 | Entered Level 1 of the Vaults
 30388 | Vaults:1 | Reached XP level 19. HP: 87/137 MP: 6/20
 30438 | Vaults:1 | Received a gift from Trog
 31271 | Vaults:1 | Noticed Nikola
 31288 | Vaults:1 | Killed Nikola
 31694 | Vaults:1 | Received a gift from Trog
 32120 | Vaults:2 | Received a gift from Trog
 32571 | Vaults:2 | Reached XP level 20. HP: 145/147 MP: 7/21
 32584 | Vaults:2 | Noticed Boris
 32585 | Vaults:2 | Noticed Jory
 32614 | Vaults:2 | Killed Jory
 32635 | Vaults:2 | Killed Boris
 33069 | Vaults:2 | Found Itzar's Distillery.
 33073 | Vaults:2 | Bought a potion of haste for 150 gold pieces
 33073 | Vaults:2 | Bought a potion of agility for 60 gold pieces
 34045 | Vaults:3 | Got a pair of slimy boots
 34059 | Vaults:3 | Identified the cursed +0 pair of boots "Zoni Fao" {*Drain
                  | rPois rCorr Dex+4} (You found it on level 3 of the Vaults)
 34090 | Vaults:3 | Received a gift from Trog
 34684 | Vaults:3 | Found a staircase to the Crypt.
 35398 | Vaults:4 | Reached XP level 21. HP: 142/156 MP: 7/22
 35416 | Vaults:4 | Received a gift from Trog
 36461 | Vaults:4 | Got a jewelled great sword
 36462 | Vaults:4 | Identified the +7 great sword of Past Mistakes {slice, rN+}
                  | (You found it on level 4 of the Vaults)
 36621 | Elf:1    | Entered Level 1 of the Elven Halls
 36987 | Elf:1    | Received a gift from Trog
 37079 | Elf:1    | Got a crude hunting sling
 37080 | Elf:1    | Identified the +1 hunting sling "Birhuete" {venom, rElec
                  | rPois rF+ rN+} (You found it on level 1 of the Elven Halls)
 37573 | Elf:2    | Got a faintly glowing ring mail
 37574 | Elf:2    | Identified the +3 ring mail of Refuge {-Cast *Slow rN+++}
                  | (You found it on level 2 of the Elven Halls)
 37935 | Elf:2    | Found a runed door.
 37964 | Elf:2    | Found a runed door.
 38025 | Elf:2    | Received a gift from Trog
 38244 | Elf:2    | Reached XP level 22. HP: 161/166 MP: 7/23
 38716 | Depths:1 | Entered Level 1 of the Depths
 38725 | Depths:1 | Found Rygoav's Demolitions Depot.
 39009 | Depths:1 | Found Feboisaf's Distillery.
 39056 | Depths:1 | Bought a potion of brilliance for 52 gold pieces
 39056 | Depths:1 | Bought a potion of heal wounds for 65 gold pieces
 39056 | Depths:1 | Bought a potion of agility for 52 gold pieces
 39207 | Depths:1 | Noticed a golden dragon
 39589 | Depths:1 | Got a twisted hat
 39590 | Depths:1 | Identified the +2 hat "Xies" {rF++ rC++ Slay-6} (You
                  | acquired it on level 1 of the Depths)
 39697 | Depths:1 | Found a gateway to Hell.
 40103 | Depths:2 | Found Gozag's Antique Armour Shoppe.
 40139 | Depths:2 | Noticed a golden dragon
 40140 | Depths:2 | Found an opulent altar of Gozag.
 40145 | Depths:2 | Found Gozag's Assorted Antiques.
 40148 | Depths:2 | Found Gozag's Antique Armour Emporium.
 40223 | Depths:2 | Killed a golden dragon
 40356 | Depths:2 | Received a gift from Trog
 40457 | Depths:2 | Found a gateway to a ziggurat.
 40565 | Depths:2 | Reached skill level 27 in Fighting
 40593 | Depths:2 | Found a one-way gate to the infinite horrors of the Abyss.
 41560 | Depths:3 | Received a gift from Trog
 41723 | Depths:3 | Noticed Margery
 41737 | Depths:3 | Reached XP level 23. HP: 174/175 MP: 8/24
 41740 | Depths:3 | Killed Margery
 41923 | Depths:3 | Found a blossoming altar of Fedhas.
 42288 | Depths:3 | Found a one-way gate leading to the halls of Pandemonium.
 42505 | Depths:3 | Noticed a juggernaut
 42543 | Depths:3 | Killed a juggernaut
 42688 | Depths:3 | Identified the Compendium of Displacement and Flight
 42726 | Depths:3 | Got a crude scale mail
 43485 | Depths:3 | Received a gift from Trog
 44237 | Depths:4 | Noticed a golden dragon
 44251 | Depths:4 | Killed a golden dragon
 44616 | Depths:4 | Received a gift from Trog
 44809 | Depths:4 | Found Utag's Gadget Shoppe.
 44810 | Depths:4 | Found Ohoel's Jewellery Boutique.
 44811 | Depths:4 | Found Aschosk's Gadget Shoppe.
 44823 | Depths:4 | Bought the macabre finger necklace {rN+} for 600 gold
                  | pieces
 44823 | Depths:4 | Found the macabre finger necklace {rN+}
 45070 | Depths:4 | Reached XP level 24. HP: 172/181 MP: 8/24
 45153 | Depths:4 | Found a runed door.
 45246 | Depths:4 | Noticed an ancient lich
 45247 | Depths:4 | Noticed an ancient lich
 45255 | Depths:4 | Killed an ancient lich
 45262 | Depths:4 | Killed an ancient lich
 45351 | Depths:4 | Identified the +1 scale mail of the Forest {rPois Str-3
                  | SInv} (You found it on level 3 of the Depths)
 45602 | Depths:5 | Entered Level 5 of the Depths
 45650 | Depths:5 | Noticed Frederick
 45668 | Depths:5 | Killed Frederick
 46239 | Depths:5 | Received a gift from Trog
 46270 | Depths:5 | Reached skill level 27 in Armour
 46787 | Depths:5 | Found a gate to the Realm of Zot.
 47239 | Elf:3    | Entered Level 3 of the Elven Halls
 47670 | Elf:3    | Reached XP level 25. HP: 187/187 MP: 8/24
 48251 | Elf:3    | Identified Ifeir's Compendium of Burning Transmigration
 48294 | Elf:3    | Identified the +8 dagger of Desperation {protect, Str+2}
 48316 | Elf:3    | Received a gift from Trog
 48614 | Elf:3    | Found an ancient bone altar of Kikubaaqudgha.
 48941 | Slime:1  | Entered Level 1 of the Pits of Slime
 48979 | Slime:1  | Gained mutation: You are frail. (-10% HP) [a shining eye]
 48982 | Slime:1  | Gained mutation: You are very frail. (-20% HP) [a shining
                  | eye]
 48994 | Slime:1  | Reached skill level 10 in Dodging
 49178 | Slime:1  | Gained mutation: Armour fits poorly on your strangely
                  | shaped body. [a shining eye]
 49533 | Slime:2  | Paralysed by a floating eye for 2 turns
 49541 | Slime:2  | Paralysed by a floating eye for 4 turns
 50118 | Slime:3  | Gained mutation: You are partially covered in large bone
                  | plates. (SH +4) [a shining eye]
 50275 | Slime:3  | Gained mutation: You are clumsy. (Dex -2) [a shining eye]
 50661 | Slime:4  | Received a gift from Trog
 50934 | Slime:5  | Entered Level 5 of the Pits of Slime
 51147 | Slime:5  | Noticed the Royal Jelly
 51536 | Slime:5  | Killed the Royal Jelly
 51557 | Slime:4  | HP: 3/223 [azure jelly[the Royal Jelly] (12)]
 51559 | Slime:4  | Splashed by an acid blob's acid

Vault maps used:
D:1:      dpeg_arrival_simpleton_c, serial_curves, eino_curves_03,
          eino_curves_04
D:2:      lemuel_coloured_pillars_altar, nemelex_altar_shiori, minivault_5,
          uniq_jessica
D:3:      minmay_diamond_boxcup, first_ration, grunt_ministairs_7, uniq_natasha
D:4:      lemuel_doored_altar, nicolae_overflow_hidden_temple
D:5:      lemuel_round_altar, makhleb_blood_cavern_becter, serial_shops, shop,
          tso_metal_star, uniq_eustachio
D:6:      marbit_many_paths, minmay_temple_entry_fiery
D:7:      gammafunk_steamed_eel, kennysheep_mini, the_bakery
D:8:      chequers_temple_overflow_minitemple, kennysheep_little_box,
          dpeg_oklobed_lair, serial_shops, shop_statue, uniq_maurice
D:9:      enter_bailey_3, hangedman_decor_peaks_small, kennysheep_nondescript,
          uniq_gastronok, uniq_harold
D:10:     ebering_ghost_funeral_grove, uniq_nergalle
D:12:     lemuel_ogre_cave, orc_0_dummy, basic_altar, serial_shops,
          nicolae_shop_trees
D:13:     david_vaults_4, serial_shops, nicolae_shop_window_shopping, shop,
          serial_bayou_lagoon_b
D:14:     serial_shops, shop, serial_co_window_serial, co_window_cross_1,
          co_window_corner_a, co_window_of_opportunity_a, co_window_paths_a,
          co_window_of_opportunity_a, co_window_of_opportunity_b,
          co_window_corner_b, co_window_2corner, co_window_2corner,
          co_window_of_opportunity_b, co_window_sun, co_window_paths_e,
          glass_columns_a, glass_columns_b, serial_bayou_pond_c,
          serial_bayou_crossing, uniq_snorg
D:15:     gammafunk_depths_entry_grave
Temple:   kb_corrupted_temple
Lair:1:   serial_bayou_shore_b, grunt_megastairs_5, lemuel_fruit_tree,
          serial_bayou_shore_b
Lair:2:   cheibrodos_lair_overgrown_chateau, swamp_mist_pool,
          nicolae_spider_entry_tight_spaces, beast_lair_carwin_7
Lair:3:   beast_lair_carwin_large_2, uniq_rupert
Lair:4:   serial_forest, infiniplex_forest_straight_1,
          infiniplex_forest_straight_1, infiniplex_forest_lined_room_2,
          infiniplex_forest_straight_4, infiniplex_forest_clump_small,
          infiniplex_forest_lined_room_3, serial_bayou_shore_b
Lair:5:   minmay_slime_entry_pillars, portal_ice_cave_demonic_guard, uniq_kirke,
          uniq_sonja
Lair:6:   gammafunk_lair_ancient_temple
Swamp:1:  evilmike_swamp_ruin_house_1, uniq_louise
Swamp:2:  gammafunk_its_a_trap, evilmike_swamp_ruin_house_3
Swamp:3:  evilmike_swamp_ruin_house_5
Swamp:4:  swamp_alternative, swamp_pool1
Spider:1: spider_trap, hangedman_spider_tarantella_strand
Spider:2: spiders_nest_spider_trap
Spider:3: hive_lemuel
Spider:4: grunt_spider_rune_circles
Orc:1:    nicolae_orc_stony_grotto, sword_in_stone
Orc:2:    grunt_orc_community_town_hall, grunt_orc_community_big_house_1,
          grunt_orc_community_big_house_1, grunt_orc_community_house_1,
          grunt_orc_community_house_3, grunt_orc_community_house_1,
          grunt_orc_community_house_1, gammafunk_ghost_split, uniq_josephine
Elf:1:    elf_arrival_001, hangedman_corner_corridor, grunt_ministairs_9
Elf:3:    elf_hall, david_defended_altar_elf
Vaults:1: ontoclasm_vaults_ring_large, nicolae_vaults_little_squares_3,
          nicolae_vaults_little_squares_1, ontoclasm_vaults_fault,
          vaults_standard_mumra_enter_the_diamond, v_misc_4,
          nicolae_vaults_big_ls, nicolae_vaults_bisected_exclaves,
          ontoclasm_vaults_ligature, vaults_room_fancy_cross,
          nicolae_vaults_hallways_thing, uniq_nikola
Vaults:2: nicolae_vaults_network_s, ontoclasm_vaults_eye, st_hourglassy,
          vaults_standard_mumra_enter_the_diamond, hangedman_vaults_pinch,
          ontoclasm_vaults_shuriken, grunt_vaults_funnel,
          hangedman_vaults_snaps, nicolae_vaults_little_squares_1,
          nicolae_vaults_diagonal_hallway_8, grunt_vaults_focal, serial_shops,
          shop, uniq_boris, uniq_jory
Vaults:3: vaults_standard_mumra_x, hangedman_vaults_corner,
          minmay_crypt_entry_simple_box, hangedman_vaults_capsules,
          ontoclasm_vaults_gateway, vaults_dpeg_diagonal, vaults_dpeg_hooks,
          ontoclasm_vaults_decontamination, nicolae_vaults_network_periphery,
          v_alt_pattern_3, v_pattern_1, v_misc_23
Vaults:4: vaults_room_hallway, nicolae_vaults_rhombus_7, v_misc_11,
          nicolae_vaults_display_case, ontoclasm_vaults_hangar,
          nicolae_vaults_border_crossing, hangedman_vaults_stagger,
          v_alt_pattern_1, nicolae_vaults_asterisk,
          nicolae_vaults_big_angled_halls, vaults_room_door_hall,
          vaults_dpeg_ring, v_alt_pattern_4
Depths:1: grunt_hell_entry_dis_mu, serial_shops, nicolae_shop_waterfront,
          nrook_mini_backslash, hangedman_abyss_or_decor_stagger,
          nicolae_blasting_shop
Depths:2: kennysheep_gozag_temple, enter_ziggurat_b, serial_bayou_shore_b,
          hangedman_abyss_entry_splay, hell_entry
Depths:3: minmay_the_grid_triangle_9x9_recursive_3, grunt_metal_band, pan_entry
Depths:4: evilmike_wizard_prison, hellmouth_3, minmay_misc_feat_x, abyss_entry,
          minmay_staircase_windowed_large, grunt_megastairs_2,
          minmay_shop_grove, serial_bayou_shore_b, serial_bayou_shore_b,
          firewood_loft
Depths:5: grunt_zot_entry_pinwheel, rand_demon_pan_entry_8, nrook_mini_vaults,
          hell_entry, serial_bayou_pond_b, uniq_frederick
Bailey:   bailey_polearm_1, bailey
IceCv:    ice_cave_tombish

Skill      XL: |  1  2  3  4  5  6  7  8  9 10 11 12 13 14 15 16 17 18 19 20 21 22 23 24 25 |
---------------+----------------------------------------------------------------------------+-----
Dodging        | 2 3 4 5 7 12 | 12.7
Maces & Flails | 4 5 6 7 8 10 12 | 12.0
Fighting       | 4 5 6 8 10 11 13 15 17 18 19 21 22 24 26 27 | 27.0
Armour         | 3 4 6 7 11 13 15 16 17 18 19 20 21 22 25 27 | 27.0
Evocations     | 2 |  2.3
Shields        | 2 4 7 9 12 15 | 15.0

Action                   |  1- 3 |  4- 6 |  7- 9 | 10-12 | 13-15 | 16-18 | 19-21 | 22-24 | 25-27 || total
-------------------------+-------+-------+-------+-------+-------+-------+-------+-------+-------++-------
Melee: Mace              |    85 |   182 |    61 |       |       |       |       |       |       ||   328
       Whip              |       |       |   341 |   540 |   759 |       |       |       |       ||  1640
       Demon whip        |       |       |       |       |  1052 |  2911 |  2443 |  2544 |   880 ||  9830
 Fire: Shortbow          |       |       |       |       |     5 |       |       |       |       ||     5
Throw: Throwing net      |       |       |       |       |     1 |       |       |       |       ||     1
Invok: Berserk           |     1 |     3 |     6 |     5 |     7 |     1 |     4 |     2 |     2 ||    31
       Trog's Hand       |       |     3 |     3 |     4 |     9 |    19 |    19 |    18 |    10 ||    85
       Brothers in Arms  |       |       |       |     2 |     3 |     4 |     5 |     7 |    13 ||    34
 Abil: Fly               |       |       |       |       |     3 |     2 |       |     5 |       ||    10
       Stop Flying       |       |       |       |       |     2 |     3 |       |     5 |       ||    10
Evoke: Wand              |       |       |       |    66 |       |     1 |       |       |       ||    67
       Lightning rod     |       |       |       |     1 |       |       |       |       |       ||     1
  Use: Scroll            |       |       |       |    10 |    15 |     1 |    21 |    20 |     1 ||    68
       Potion            |       |       |       |       |       |     1 |       |       |     3 ||     4
 Stab: Sleeping          |     1 |       |       |       |       |       |       |       |       ||     1
       Distracted        |       |       |       |       |     1 |       |     3 |       |       ||     4
       Confused          |       |       |       |       |       |     3 |       |     1 |       ||     4
  Eat: Chunk             |     2 |     9 |    19 |    21 |    29 |    32 |    34 |    36 |     6 ||   188
       Ration            |       |       |       |       |     4 |     4 |     2 |     3 |     5 ||    18
Armor: Animal skin       |    37 |    46 |       |       |       |       |       |       |       ||    83
       Ring mail         |       |    56 |    53 |       |       |       |       |       |       ||   109
       Plate armour      |       |       |   140 |    58 |       |       |       |       |       ||   198
       Crystal plate arm |       |       |       |   250 |   980 |  2371 |  1184 |  1164 |       ||  5949
       Gold dragon scale |       |       |       |       |       |       |       |    12 |   373 ||   385
Dodge: Dodged            |    66 |   147 |   150 |   184 |   478 |   961 |   588 |   664 |   311 ||  3549
Block: Buckler           |       |       |       |    41 |    54 |       |       |       |       ||    95
       Shield            |       |       |       |       |   306 |  2117 |  1447 |  1408 |   544 ||  5822

Table legend:
 A = Non-vault XP
 B = Vault XP
 C = Vault XP percentage of total XP
 D = Non-vault monster count
 E = Vault monster count
 F = Vault count percentage of total count
                 A         B        C        D         E       F
            +---------+---------+-------+---------+---------+-------
      Total |  660889 |  418854 |  38.8 |    1562 |     653 |  29.5
            +---------+---------+-------+---------+---------+-------
        D:1 |      57 |       0 |   0.0 |      27 |       0 |   0.0
        D:2 |      75 |      37 |  33.0 |      29 |       1 |   3.3
        D:3 |     201 |     175 |  46.5 |      24 |      10 |  29.4
        D:4 |     429 |       0 |   0.0 |      19 |       0 |   0.0
        D:5 |     384 |     231 |  37.6 |      10 |       2 |  16.7
        D:6 |     383 |      33 |   7.9 |      12 |       1 |   7.7
        D:7 |     595 |     332 |  35.8 |      13 |       3 |  18.8
        D:8 |    1752 |     480 |  21.5 |      37 |       1 |   2.6
        D:9 |    1263 |    3176 |  71.5 |      20 |       6 |  23.1
       D:10 |    2170 |    1421 |  39.6 |      17 |       5 |  22.7
       D:11 |    3953 |       0 |   0.0 |      41 |       0 |   0.0
       D:12 |    2884 |     941 |  24.6 |      27 |       6 |  18.2
       D:13 |    6826 |    2669 |  28.1 |      38 |       4 |   9.5
       D:14 |   11030 |    1157 |   9.5 |      46 |       1 |   2.1
       D:15 |   21312 |    4541 |  17.6 |      42 |       8 |  16.0
     Lair:1 |    3446 |    1556 |  31.1 |       9 |       3 |  25.0
     Lair:2 |    4006 |    8061 |  66.8 |      18 |      31 |  63.3
     Lair:3 |    4989 |    2855 |  36.4 |      25 |       7 |  21.9
     Lair:4 |    4244 |       0 |   0.0 |      18 |       0 |   0.0
     Lair:5 |    3805 |    4619 |  54.8 |      12 |      10 |  45.5
     Lair:6 |   11327 |    7820 |  40.8 |      27 |      21 |  43.8
    Swamp:1 |   10405 |    1269 |  10.9 |      23 |       1 |   4.2
    Swamp:2 |   14685 |    4037 |  21.6 |      41 |       6 |  12.8
    Swamp:3 |   10472 |       0 |   0.0 |      28 |       0 |   0.0
    Swamp:4 |    4641 |   16671 |  78.2 |      18 |      27 |  60.0
   Spider:1 |    8451 |     214 |   2.5 |      26 |       1 |   3.7
   Spider:2 |   15889 |    3699 |  18.9 |      44 |       9 |  17.0
   Spider:3 |   12190 |    4464 |  26.8 |      30 |      20 |  40.0
   Spider:4 |   19162 |   18902 |  49.7 |      43 |      33 |  43.4
    Slime:1 |   13277 |       0 |   0.0 |      29 |       0 |   0.0
    Slime:2 |    9703 |       0 |   0.0 |      20 |       0 |   0.0
    Slime:3 |   12920 |       0 |   0.0 |      30 |       0 |   0.0
    Slime:4 |   15567 |       0 |   0.0 |      25 |       0 |   0.0
    Slime:5 |    9306 |   19772 |  68.0 |      18 |       7 |  28.0
      Orc:1 |    2054 |    1613 |  44.0 |      32 |       5 |  13.5
      Orc:2 |    6021 |    9028 |  60.0 |      61 |      76 |  55.5
      Elf:1 |    8184 |    5949 |  42.1 |      11 |      11 |  50.0
      Elf:2 |   19793 |   24271 |  55.1 |      34 |      29 |  46.0
      Elf:3 |   14993 |   25799 |  63.2 |      29 |      34 |  54.0
   Vaults:1 |   46419 |   33705 |  42.1 |      76 |      35 |  31.5
   Vaults:2 |   33769 |   28837 |  46.1 |      69 |      27 |  28.1
   Vaults:3 |   24402 |   22430 |  47.9 |      51 |      38 |  42.7
   Vaults:4 |   35170 |   17985 |  33.8 |      52 |      23 |  30.7
   Depths:1 |   37562 |       0 |   0.0 |      55 |       0 |   0.0
   Depths:2 |   45800 |    8789 |  16.1 |      52 |       8 |  13.3
   Depths:3 |   41886 |   46127 |  52.4 |      47 |      38 |  44.7
   Depths:4 |   46056 |   43565 |  48.6 |      50 |      41 |  45.1
   Depths:5 |   56981 |   34481 |  37.7 |      57 |      23 |  28.8
     Bailey |       0 |    2744 | 100.0 |       0 |      21 | 100.0
      IceCv |       0 |    4399 | 100.0 |       0 |      20 | 100.0
            +---------+---------+-------+---------+---------+-------
